 Dungeon Crawl Stone Soup version 0.32-a0-656-g3542139ebd (webtiles) character file.

Game seed: 1592846670379555793

947 jestert79 the Carver (level 8, -3/54 HPs)
             Began as a Coglin Artificer on Mar 8, 2024.
             Slain by an orc warrior
             ... wielding a +0 trident
              (7 damage)
             ... on level 6 of the Dungeon.
             The game lasted 00:11:43 (5202 turns).

jestert79 the Carver (Coglin Artificer)             Turns: 5202, Time: 00:11:43

Health: -3/54      AC:  3    Str: 13    XL:     8   Next: 13%
Magic:  8/8        EV: 11    Int: 10    God:
Gold:   301        SH:  0    Dex: 17    Spells: 7/7 levels left

rFire   . . .        m - +0 falchion {Hwan}
rCold   . . .        a - +0 dagger (elec) {Ujjalroop}
rNeg    . . .        b - +0 leather armour
rPois   .            (no helmet)
rElec   .            (no cloak)
rCorr   .            (no gloves)
SInv    .            (no boots)
Will    .....        (amulet unavailable)
Stlth   ++           (ring unavailable)
HPRegen 0.29/turn    (ring unavailable)
MPRegen 0.11/turn    (no gizmo)

%: no passive effects
@: revved
A: off-hand wielding, slow wielding, warmup strikes, no jewellery
a: Invent Gizmo, Convert to Beogh


You were on level 6 of the Dungeon.
You visited 1 branch of the dungeon, and saw 6 of its levels.

You collected 329 gold pieces.
You spent 28 gold pieces at shops.

Inventory:

Hand Weapons
 a - a +0 dagger of electrocution (offhand) {Ujjalroop}
 m - a +0 falchion (weapon) {Hwan}
Missiles
 r - 6 poisoned darts
Armour
 b - a +0 leather armour (worn)
Wands
 c - a wand of flame (8) (quivered)
 d - a wand of charming (21)
 e - a wand of iceblast (3)
 v - a wand of roots (10)
Scrolls
 f - 2 scrolls of acquirement {unknown}
 g - 5 scrolls of teleportation {unknown}
 l - 4 scrolls of fog {unknown}
 q - a scroll of amnesia {unknown}
 s - a scroll of revelation {unknown}
 t - 2 scrolls of fear {unknown}
 u - a scroll of vulnerability {unknown}
Potions
 h - 4 potions of lignification
 i - 3 potions of haste
 j - a potion of resistance
 k - a potion of brilliance {unknown}
 n - 2 potions of curing
 o - a potion of heal wounds {unknown}
 p - 2 potions of ambrosia
 w - a potion of attraction {unknown}


   Skills:
 - Level 1.0 Fighting
 - Level 2.5(5.5) Short Blades
 + Level 8.4(8.7) Long Blades
 - Level 1.7 Armour
 - Level 0.8 Dodging
 - Level 0.7 Stealth
 - Level 4.0 Evocations


You had 7 spell levels left.
You didn't know any spells.
Your spell library contained the following spells:

 Spells                   Type           Power      Damage    Failure   Level
 Ensorcelled Hibernation  Hex/Ice        0%         N/A       58%         2
 Passwall                 Erth           0%         N/A       82%         3
 Swiftness                Air            0%         N/A       82%         3


Dungeon Overview and Level Annotations

Branches:
Dungeon (6/15)
 Temple: D:4-7

Altars:
Elyvilon

Shops:
D:2 =   D:3 [(**[


Innate Abilities, Weirdness & Mutations

You can wield a second weapon in your off-hand.
It takes a long time for you to wield or remove held weapons.
Your first few attacks do less damage.
You cannot equip rings or amulets.


Message History

You hit the orc with your +0 falchion.
You kill the orc!
Unknown command.
The orc warrior hits you with a +0 trident.
Things that are here:
a +0 dagger; a +0 leather armour Unknown command.
You closely miss the orc warrior with your +0 dagger of electrocution.
You hit the orc warrior with your +0 falchion.
The orc priest casts a cantrip, but nothing happens.
The orc warrior barely misses you.
Unknown command.
You barely miss the orc warrior with your +0 falchion.
The orc warrior is lightly wounded.
You hit the orc warrior but do no damage.
Lightning courses through the orc warrior!
The orc warrior misses you.
Unknown command.
You hit the orc warrior but do no damage.
The orc warrior is heavily wounded.
You hit the orc warrior but do no damage.
The orc warrior hits you but does no damage.
Unknown command.
You hit the orc warrior but do no damage.
The orc warrior is heavily wounded.
You closely miss the orc warrior with your +0 falchion.
Unknown command.
You barely miss the orc warrior with your +0 falchion.
The orc warrior is heavily wounded.
You barely miss the orc warrior with your +0 dagger of electrocution.
The orc warrior hits you with a +0 trident!
* * * LOW HITPOINT WARNING * * *
The orc priest shouts, "The Pantheon deserves no one's loyalty.
Let us show you the true path!"
Unknown command.
You hit the orc warrior with your +0 dagger of electrocution.
The orc warrior is severely wounded.
You barely miss the orc warrior with your +0 falchion.
The orc priest shouts, "Surrender to Beogh and we'll let you live!"
The orc warrior hits you with a +0 trident!
You die...

###. ########.....#
#....@oo.# #..# # #.########
#.#.#. # #.# #.##.# # ##.##
#.##.# # ##.#.#########.##.##
#
######.###.##...........#####
#.....## ##...#..............
#.####.###.#..#.###..........
##.#.##..#.# #.#...####.


You could see an orc warrior and an orc priest.

Vanquished Creatures
  Grinder (D:5)
  A water moccasin (D:5)
  2 ogres
  A bombardier beetle (D:5)
  3 hounds
  A jelly (D:5)
  Ijyb (D:3)
  An iguana (D:5)
  A gnoll (D:4)
  13 adders
  4 ufetubi (D:5)
  5 dart slugs
  5 ribbon worms
  6 orcs
  5 bats
  9 endoplasms
  4 giant cockroaches
  8 goblins
  9 hobgoblins
  3 jackals
  8 kobolds
  A quokka (D:4)
  9 ball pythons
  6 frilled lizards
  8 rats
115 creatures vanquished.

Vanquished Creatures (collateral kills)
  2 gnolls (D:4)
  An endoplasm (D:4)
3 creatures vanquished.

Grand Total: 118 creatures vanquished

Notes
Turn   | Place    | Note
-------+----------+-------------------------------------------
     0 | D:1      | jestert79 the Coglin Artificer began the quest for the Orb.
     0 | D:1      | Reached XP level 1. HP: 15/15 MP: 1/1
    67 | D:1      | Reached skill level 1 in Short Blades
    73 | D:1      | Reached XP level 2. HP: 14/21 MP: 2/2
   623 | D:1      | Reached XP level 3. HP: 23/26 MP: 3/3
  1136 | D:2      | Reached skill level 1 in Long Blades
  1210 | D:2      | Reached XP level 4. HP: 30/32 MP: 4/4
  1299 | D:2      | Reached skill level 2 in Long Blades
  1650 | D:2      | Found Luseoh's Jewellery Boutique.
  2112 | D:3      | Found a white marble altar of Elyvilon.
  2149 | D:3      | Reached skill level 3 in Long Blades
  2164 | D:3      | Reached XP level 5. HP: 37/37 MP: 5/5
  2170 | D:3      | Found Adotuub's Armour Shoppe.
  2171 | D:3      | Noticed an animated gold dragon scales
  2172 | D:3      | Noticed an animated gold dragon scales
  2275 | D:3      | Found Qilez's General Store.
  2294 | D:3      | Bought a scroll of identify for 28 gold pieces
  2335 | D:3      | Noticed an ogre
  2346 | D:3      | Killed an ogre
  2347 | D:3      | Reached skill level 4 in Long Blades
  2399 | D:3      | Noticed Ijyb
  2405 | D:3      | Killed Ijyb
  2406 | D:3      | Reached XP level 6. HP: 43/43 MP: 6/6
  2471 | D:3      | Found Xupoas's Antique Weapon Boutique.
  2635 | D:3      | Found Nujulemm's Assorted Antiques.
  2748 | D:3      | Found Ompo's Armour Shop.
  3039 | D:4      | Reached skill level 5 in Long Blades
  3860 | D:5      | Entered Level 5 of the Dungeon
  3982 | D:5      | Noticed Grinder
  3984 | D:5      | Paralysed by Grinder for 5 turns
  3992 | D:5      | Killed Grinder
  3993 | D:5      | Reached skill level 6 in Long Blades
  3993 | D:5      | Reached XP level 7. HP: 48/48 MP: 7/7
  4011 | D:5      | Reached skill level 7 in Long Blades
  4264 | D:5      | Reached skill level 8 in Long Blades
  4356 | D:5      | Reached XP level 8. HP: 42/54 MP: 8/8
  5202 | D:6      | Slain by an orc warrior

Illustrated notes

Levels and vault maps discovered:
D:1:      moated_graveyard_arrival, layout_basic
D:2:      layout_loops_corners, serial_forest, infiniplex_forest_clump_double,
          infiniplex_forest_lined_corner, infiniplex_forest_lined_room_2,
          infiniplex_forest_lined_3, infiniplex_forest_zigzag_1,
          infiniplex_forest_lined_1, infiniplex_forest_clump_C,
          infiniplex_forest_clump_C, serial_shops, shop, supply_closet_lemuel,
          serial_bayou_lagoon_b
D:3:      layout_basic, elyvilon_altar_1, serial_shops, nicolae_shop_mannequins,
          nicolae_shop_advertising_works [nicolae_subvault_shop_adworks], shop,
          nicolae_shop_hallway_stairs, shop, st_stairs_12, uniq_ijyb
D:4:      layout_gridville
D:5:      layout_loops_ring, uniq_grinder
D:6:      cheibrodos_fzero, layout_loops_ring, minmay_temple_entry_proselytizer,
          cheibrodos_sewer_entry_drain

Skill      XL: |  1  2  3  4  5  6  7 |
---------------+----------------------+-----
Short Blades   | 1 2 |  2.5
Long Blades    | 1 3 4 6 8 |  8.4
Fighting       | |  1.0
Armour         | |  1.7
Dodging        | |  0.8
Stealth        | |  0.7
Evocations     | |  4.0

Action                     |  1- 3 |  4- 6 |  7- 9 || total
---------------------------+-------+-------+-------++-------
  Melee: Dagger            |   170 |   121 |    66 ||   357
         Club              |     3 |       |       ||     3
         Falchion          |    29 |   120 |    64 ||   213
  Evoke: Wand              |       |     9 |     2 ||    11
    Use: Scroll            |       |     2 |     3 ||     5
   Stab: Sleeping          |       |     4 |       ||     4
 Armour: Leather armour    |    74 |    56 |    32 ||   162
  Dodge: Dodged            |    61 |    63 |    39 ||   163

Table legend: (Time is in decaauts)
 A = Elapsed time spent in this place.
 B = Non-inter-level travel time spent in this place.
 C = Inter-level travel time spent in this place.
 D = Time resting spent in this place.
 E = Time spent auto-exploring this place.
 F = Levels seen in this place.
 G = Mean time per level.
                   A        B        C        D        E       F      G
               +--------+--------+--------+--------+--------+-----+--------+
         Total |   5198 |   4976 |    222 |    516 |   3550 |   6 |  866.3 |
       Dungeon |   5198 |   4976 |    222 |    516 |   3550 |   6 |  866.3 |
               +--------+--------+--------+--------+--------+-----+--------+

Top non-repeatable levels by time:
     D:5: 1209 daAuts
     D:2: 1197 daAuts
     D:1: 914 daAuts
     D:4: 898 daAuts
     D:3: 861 daAuts
     D:6: 118 daAuts
